 Dungeon Sprint DCSS version 0.17-a0-1731-g129c023 (webtiles) character file.

6041 Kidiri the Protected (level 10, -7/94 HPs)
             Began as a Minotaur Fighter on Aug 29, 2015.
             Was a High Priest of Okawaru.
             Mangled by a flayed ghost (12 damage)
             ... in the Dungeon (Sprint VII: "The Pits").
             The game lasted 00:13:39 (1766 turns).

Kidiri the Protected (Minotaur Fighter)             Turns: 1766, Time: 00:13:39

Health: -7/94      AC: 26    Str: 27    XL:     10   Next: 56%
Magic:  15/15      EV: 12    Int:  5    God:    Okawaru [*****.]
Gold:   0          SH: 14    Dex: 13    Spells: 0 memorised, 9 levels left

rFire  . . .     SeeInvis .     b - +2 mace (protect)
rCold  . . .     Clarity  .     x - +3 plate armour
rNeg   . . .     SustAt   .     c - +0 shield
rPois  .         Gourm    .     (helmet restricted)
rElec  .         Spirit   .     g - +0 cloak
rCorr  .         Warding  .     (no gloves)
rMut   .         NoTele   +     (no boots)
MR     .....                    (no amulet)
Stlth  ..........               s - +3 ring of dexterity
                                r - +3 ring of strength

@: lethally poisoned (-7 -> -35), vulnerable, flayed, not resistant to hostile
enchantments, extremely unstealthy
A: retaliatory headbutt, horns 2
a: Heroism, Finesse, Renounce Religion


You were in the Dungeon.
You worshipped Okawaru.
Okawaru was extremely pleased with you.
You were near starving.

You visited 1 branch

Inventory:

Hand weapons
 b - a +2 mace of protection (weapon)
Armour
 c - a +0 shield (worn)
 g - a +0 cloak (worn)
 x - a +3 plate armour (worn)
Jewellery
 r - a +3 ring of strength (left hand)
 s - a +3 ring of dexterity (right hand)
Magical devices
 t - a wand of teleportation (4)
Scrolls
 k - a scroll of blinking
 o - 3 scrolls of remove curse
 p - 5 scrolls of amnesia
 q - a scroll of summoning
Potions
 a - 6 potions of heal wounds
 d - a potion of might
 f - 5 potions of curing
 h - 2 potions of haste
 i - 4 potions of magic
 j - 3 potions of berserk rage
 n - 2 potions of invisibility
 v - 2 potions of brilliance
 w - 2 potions of agility
Comestibles
 e - 7 bread rations
 l - 40 fruits
 m - 7 meat rations


   Skills:
 + Level 10.8 Fighting
 * Level 14.0 Maces & Flails
 * Level 14.4 Armour
 + Level 9.5 Dodging
 * Level 14.2 Shields
 + Level 8.5 Invocations


You had 9 spell levels left.
You didn't know any spells.

Dungeon Overview and Level Annotations

Branches:
Dungeon (1/1)

Altars:
Ashenzari
Cheibriados
Dithmenos
Elyvilon
Fedhas
Gozag
Kikubaaqudgha
Makhleb
Nemelex Xobeh
Okawaru
Qazlal
Ru
Sif Muna
Trog
Vehumet
Xom
Yredelemnul
Zin
The Shining One
Beogh
Jiyva
Lugonu


Innate Abilities, Weirdness & Mutations

You reflexively headbutt those who attack you in melee.
You have a pair of horns on your head.


Message History

You block the phantasmal warrior's attack.
The red devil barely misses you.
The black mamba bites you but does no damage.
You closely miss the flayed ghost. You headbutt the flayed ghost!
The flayed ghost is moderately damaged.
You block the black mamba's attack. You block the death knight's attack.
The flayed ghost hits you!!
* * * LOW HITPOINT WARNING * * *
You block the hungry ghost's attack.
The phantasmal warrior barely misses you.
The red devil hits you but does no damage.
You are more poisoned.
Unknown command.
You closely miss the flayed ghost.
The flayed ghost is moderately damaged.
You feel sick. The black mamba bites you!
* * * LOW HITPOINT WARNING * * *
You are more poisoned.
The black mamba poisons you! The flayed ghost hits you!
You die...

.).##..รท)..#
..##...#.)## .##
.##...##).# ..##
[#...##..)+ ...#
)'..##...)### ...##
##..#.......### ....#
#...+.........## .4..#
....#....####..##W..(#+
.#..##..##..##sW@p...(#
###..##.+...)+(W#S.....#
#.##..#.##..##..#.......
..)+..+..####...##...###
...#..##.%.......##.##
################## ##


You could see a death knight, a flayed ghost, a phantasmal warrior, a black
mamba, a hungry ghost, a jumping spider and a red devil.

Vanquished Creatures
  A flayed ghost (D)
  An orc knight (D)
  An orc sorcerer (D)
  A manticore (D)
  A siren (D)
  A black mamba (D)
  An eye of devastation (D)
  2 gargoyles (D)
  A merfolk (D)
  A wyvern (D)
  A flying skull (D)
  A basilisk (D)
  A warg (D)
  A hungry ghost (D)
  A water moccasin (D)
  2 orc warriors (D)
  2 necrophages (D)
  An ogre (D)
  A wasp (D)
  An ice beast (D)
  3 brain worms (D)
  A giant frog (D)
  12 killer bees (D)
  A jelly (D)
  An orc priest (D)
  A gnoll shaman (D)
  Jessica (D)
  An iguana (D)
  An orc wizard (D)
  4 gnolls (D)
  An ufetubus (D)
  An ooze (D)
  A giant gecko (D)
  2 bat skeletons (D)
  4 jackals (D)
  2 bats (D)
  A kobold (D)
  A rat (D)
62 creatures vanquished.

Notes
Turn   | Place    | Note
--------------------------------------------------------------
     0 | D        | Kidiri the Minotaur Fighter began the quest for the Orb.
     0 | D        | Reached XP level 1. HP: 19/19 MP: 0/0
    28 | D        | Reached skill level 4 in Armour
    57 | D        | Found a sacrificial altar of Ru.
    57 | D        | Found a basalt altar of Yredelemnul.
    57 | D        | Found a glowing golden altar of the Shining One.
    57 | D        | Found a deep blue altar of Sif Muna.
    57 | D        | Found a burning altar of Makhleb.
    57 | D        | Found an ancient bone altar of Kikubaaqudgha.
    57 | D        | Found a glowing silver altar of Zin.
    58 | D        | Found a shadowy altar of Dithmenos.
    58 | D        | Found a bloodstained altar of Trog.
    58 | D        | Found a shattered altar of Ashenzari.
    58 | D        | Found a white marble altar of Elyvilon.
    58 | D        | Found a snail-covered altar of Cheibriados.
    58 | D        | Found a blossoming altar of Fedhas.
    58 | D        | Found a radiant altar of Vehumet.
    58 | D        | Found a shimmering altar of Xom.
    58 | D        | Found a sparkling altar of Nemelex Xobeh.
    58 | D        | Found a corrupted altar of Lugonu.
    58 | D        | Found a viscous altar of Jiyva.
    58 | D        | Found a roughly hewn altar of Beogh.
    58 | D        | Found an iron altar of Okawaru.
    62 | D        | Found a stormy altar of Qazlal.
    63 | D        | Found an opulent altar of Gozag.
    65 | D        | Became a worshipper of Warmaster Okawaru
   103 | D        | Reached skill level 1 in Dodging
   103 | D        | Reached XP level 2. HP: 27/27 MP: 1/1
   163 | D        | Noticed an ogre
   163 | D        | Noticed a brain worm
   183 | D        | Killed a brain worm
   183 | D        | Reached skill level 5 in Fighting
   183 | D        | Reached skill level 5 in Maces & Flails
   183 | D        | Reached skill level 6 in Armour
   183 | D        | Reached XP level 3. HP: 18/36 MP: 1/3
   183 | D        | Reached XP level 4. HP: 21/42 MP: 1/4
   191 | D        | Killed an ogre
   191 | D        | Acquired Okawaru's first power
   191 | D        | Reached skill level 7 in Armour
   191 | D        | Reached XP level 5. HP: 22/50 MP: 1/6
   392 | D        | Noticed a jelly
   392 | D        | Noticed a necrophage
   402 | D        | Killed a necrophage
   402 | D        | Reached skill level 8 in Armour
   402 | D        | Reached XP level 6. HP: 57/57 MP: 4/7
   405 | D        | Killed a jelly
   408 | D        | Noticed a giant frog
   409 | D        | Noticed an ice beast
   409 | D        | Noticed a water moccasin
   417 | D        | Killed a giant frog
   429 | D        | Killed a water moccasin
   429 | D        | Reached skill level 9 in Armour
   429 | D        | Reached skill level 5 in Dodging
   435 | D        | Killed an ice beast
   435 | D        | Reached XP level 7. HP: 45/66 MP: 7/9
   438 | D        | Noticed a necrophage
   447 | D        | Killed a necrophage
   685 | D        | Noticed an orc wizard
   687 | D        | Killed an orc wizard
   687 | D        | Reached skill level 5 in Invocations
   691 | D        | Noticed a killer bee
   695 | D        | Killed a killer bee
   695 | D        | Reached skill level 10 in Armour
   697 | D        | Noticed a brain worm
   697 | D        | Noticed a brain worm
   697 | D        | Noticed Jessica
   702 | D        | Killed Jessica
   702 | D        | Reached skill level 10 in Shields
   707 | D        | Killed a brain worm
   712 | D        | Killed a brain worm
   734 | D        | Noticed a killer bee
   734 | D        | Noticed a killer bee
   734 | D        | Noticed a killer bee
   734 | D        | Noticed a killer bee
   734 | D        | Noticed a killer bee
   734 | D        | Noticed a manticore
   742 | D        | Killed a manticore
   742 | D        | Reached skill level 10 in Maces & Flails
   742 | D        | Reached skill level 11 in Armour
   742 | D        | Reached XP level 8. HP: 72/74 MP: 8/11
   753 | D        | Killed a killer bee
   755 | D        | Killed a killer bee
   757 | D        | Killed a killer bee
   760 | D        | Killed a killer bee
   770 | D        | Killed a killer bee
   933 | D        | Noticed a warg
   934 | D        | Noticed a siren
   952 | D        | Killed a siren
   952 | D        | Received a gift from Okawaru
   960 | D        | Killed a warg
  1006 | D        | Noticed an orc knight
  1006 | D        | Noticed an orc priest
  1006 | D        | Noticed an orc warrior
  1006 | D        | Noticed an orc warrior
  1007 | D        | Noticed a killer bee
  1007 | D        | Noticed a killer bee
  1007 | D        | Noticed a killer bee
  1009 | D        | Killed a killer bee
  1009 | D        | Reached XP level 9. HP: 81/83 MP: 9/12
  1010 | D        | Noticed a killer bee
  1011 | D        | Noticed a killer bee
  1013 | D        | Noticed a killer bee
  1014 | D        | Noticed a flying skull
  1015 | D        | Killed an orc warrior
  1015 | D        | Reached skill level 12 in Armour
  1020 | D        | Killed a killer bee
  1024 | D        | Killed a killer bee
  1035 | D        | Killed an orc warrior
  1050 | D        | Killed an orc knight
  1054 | D        | Killed a flying skull
  1055 | D        | Killed a killer bee
  1059 | D        | Killed a killer bee
  1061 | D        | Killed an orc priest
  1066 | D        | Killed a killer bee
  1237 | D        | Noticed an iguana
  1242 | D        | Killed an iguana
  1248 | D        | Noticed a gargoyle
  1248 | D        | Noticed a black mamba
  1248 | D        | Noticed a wasp
  1256 | D        | Killed a black mamba
  1256 | D        | Reached skill level 13 in Armour
  1267 | D        | Killed a gargoyle
  1267 | D        | Reached skill level 10 in Fighting
  1270 | D        | Killed a wasp
  1469 | D        | Noticed a gnoll shaman
  1471 | D        | Killed a gnoll shaman
  1473 | D        | Noticed a hungry ghost
  1482 | D        | Killed a hungry ghost
  1482 | D        | Reached XP level 10. HP: 93/93 MP: 14/14
  1487 | D        | Noticed a gargoyle
  1487 | D        | Noticed an orc sorcerer
  1501 | D        | Killed a gargoyle
  1510 | D        | Killed an orc sorcerer
  1532 | D        | Noticed a basilisk
  1544 | D        | Killed a basilisk
  1545 | D        | Noticed a flayed ghost
  1569 | D        | Killed a flayed ghost
  1569 | D        | Acquired Okawaru's second power
  1569 | D        | Reached skill level 14 in Armour
  1671 | D        | Noticed a wyvern
  1671 | D        | Noticed a merfolk
  1676 | D        | Killed a wyvern
  1686 | D        | Killed a merfolk
  1733 | D        | Noticed a jumping spider
  1733 | D        | Noticed an eye of devastation
  1734 | D        | Noticed a black mamba
  1734 | D        | Noticed a red devil
  1735 | D        | Noticed a death knight
  1746 | D        | Noticed a phantasmal warrior
  1748 | D        | Killed an eye of devastation
  1750 | D        | Noticed a flayed ghost
  1766 | D        | Mangled by a flayed ghost

Vault maps used:
D:        pitsprint

Action                   |  1- 3 |  4- 6 |  7- 9 | 10-12 || total
-------------------------+-------+-------+-------+-------++-------
Melee: Mace              |    21 |    41 |   177 |    76 ||   315
       Flail             |     3 |       |       |       ||     3
Throw: Javelin           |       |       |       |     8 ||     8
Invok: Heroism           |       |     1 |     6 |     1 ||     8
  Use: Potion            |       |     1 |       |     6 ||     7
  Eat: Chunk             |       |       |     2 |       ||     2
       Bread ration      |       |       |     1 |       ||     1
